 Dungeon Crawl Stone Soup version 0.25.0-7-g216d0a8 (webtiles) character file.

Game seed: 17441174328506660635

198 Brutalitops the Bolt Thrower (level 5, -1/36 HPs)
             Began as an Octopode Hunter on June 16, 2020.
             Killed by nerve-wracking pain
             ... invoked by Grinder
              (14 damage)
             ... on level 3 of the Dungeon.
             The game lasted 00:10:04 (2886 turns).

Brutalitops the Bolt Thrower (Octopode Hunter)      Turns: 2886, Time: 00:10:04

Health: -1/36      AC:  5    Str: 12    XL:     5   Next: 76%
Magic:  5/5        EV: 13    Int: 19    God:
Gold:   155        SH:  0    Dex: 13    Spells: 4/4 levels left

rFire    . . .     SeeInvis .   a - +2 quarterstaff (chaos)
rCold    . . .     Gourm    .   (shield currently unavailable)
rNeg     . . .     Faith    .   (helmet restricted)
rPois    +         Spirit   .   (no amulet)
rElec    .         Reflect  .   l - +6 ring of intelligence
rCorr    .         Harm     .   i - ring of poison resistance
MR       .....                  n - +4 ring of protection
Stlth    +++.......             (no ring)
HPRegen  0.12/turn              (no ring)
MPRegen  0.09/turn              (no ring)
                                (no ring)
                                (no ring)

@: no status effects
A: almost no armour, stealthy swim, amphibious, 8 rings, constrict 8, camouflage
1, gelatinous body 1
a: no special abilities


You were on level 3 of the Dungeon.
You were not hungry.

You visited 1 branch of the dungeon, and saw 3 of its levels.

You collected 155 gold pieces.

Inventory:

Hand Weapons
 a - a +2 quarterstaff of chaos (weapon)
 b - a +1 hand crossbow
 k - a +1 mace of protection
 p - a +1 dagger of speed
Missiles
 c - 11 bolts
Jewellery
 i - a ring of poison resistance (right tentacle)
 l - a +6 ring of intelligence (left tentacle)
 n - a +4 ring of protection (on tentacle)
Scrolls
 h - a scroll of amnesia
 q - a scroll of remove curse
Potions
 e - 2 potions of resistance
 f - a potion of berserk rage {unknown}
 j - a potion of ambrosia {unknown}
 m - a potion of haste {unknown}
 o - a potion of curing {unknown}
 r - a potion of magic {unknown}
Comestibles
 d - 6 rations


   Skills:
 + Level 3.2 Fighting
 + Level 0.8 Short Blades
 + Level 0.5 Maces & Flails
 + Level 5.8 Crossbows
 + Level 2.2 Dodging
 + Level 2.1 Stealth


You had 4 spell levels left.
You didn't know any spells.
Your spell library was empty.

Dungeon Overview and Level Annotations

Branches:
Dungeon (3/15)

Altars:

Annotations:
D:3 Grinder


Innate Abilities, Weirdness & Mutations

You cannot wear most types of armour.
You are very stealthy in the water. (Stealth+)
You are amphibious.
You can wear up to eight rings at the same time.
You can use your tentacles to constrict eight enemies at once.
Your skin changes colour to match your surroundings (Stealth+).
Your rubbery body absorbs attacks. (AC +1, EV +1)


Message History

You closely miss something. Something hits you but does no damage.
You suddenly lose the ability to move!
Something hits you but does no damage. x2
You can move again.
Unknown command.
You hit something but do no damage.
You feel less wooden.
You shrug off the repeated paralysis!
You miss something. Something hits you.
You writhe in agony.
You sock something!
Space bends around something.
Your squeeze misses something.
You shrug off the repeated paralysis!
Something hits you.
You writhe in agony.
You barely miss something. Your squeeze misses something.
Something hits you but does no damage.
Okay, then.
Okay, then.
Okay, then.
All of the chunks of flesh in your inventory have rotted away.
Pain shoots through your body!
You die...

#.....#+#.# #.#....#'##
#########).....# #.#(...#.#
.........5.....####.#....#.#
.(.§.........((.....#.#..#.#
...............(#####.#..#.#
.........#+#+#..(........#.#
.........#.#÷#.###((.(#.##.#
.........#.#.#.###.#.......##
................@.{.........##
.#......<..#.###.#...........#
.#.####....#.# #.###...##.#..#
.#.........#.# #.# #...##....#
.###.......#.# #.# #...###...#
...........#.# #.# #...# #...#
..........##.# #.# #...# #...#
..........##.#
#.###...####..##
..........##.#
#..............#


There were no monsters in sight!

Vanquished Creatures
  Crazy Yiuf (D:2)
  An orc priest (D:2)
  Robin (D:2)
  4 adders
  2 oozes (D:2)
  2 worms (D:2)
  A dart slug (D:1)
  2 leopard geckos (D:1)
  3 orcs (D:2)
  9 bats
  12 goblins
  11 hobgoblins
  7 jackals
  3 quokkas
  A frilled lizard (D:1)
  3 kobolds
  6 rats
69 creatures vanquished.

Notes
Turn   | Place    | Note
-------+----------+-------------------------------------------
     0 | D:1      | Brutalitops the Octopode Hunter began the quest for the
                  | Orb.
     0 | D:1      | Reached XP level 1. HP: 14/14 MP: 1/1
   109 | D:1      | Reached XP level 2. HP: 19/19 MP: 2/2
   329 | D:1      | You fall into a shaft and drop 1 floor!
   548 | D:1      | Reached XP level 3. HP: 24/24 MP: 3/3
   842 | D:2      | Reached XP level 4. HP: 14/30 MP: 4/4
  1177 | D:2      | Reached skill level 5 in Crossbows
  1608 | D:2      | Reached XP level 5. HP: 36/36 MP: 5/5
  1618 | D:2      | Noticed Robin
  1623 | D:2      | Killed Robin
  1812 | D:2      | Found a runed translucent door.
  1813 | D:2      | Noticed Crazy Yiuf
  1832 | D:2      | Killed Crazy Yiuf
  2790 | D:3      | Noticed Grinder
  2795 | D:3      | Paralysed by Grinder for 7 turns
  2815 | D:3      | Paralysed by Grinder for 6 turns
  2848 | D:3      | Paralysed by Grinder for 7 turns
  2863 | D:3      | Paralysed by something for 3 turns
  2875 | D:3      | Paralysed by something for 3 turns
  2886 | D:3      | Killed from afar by Grinder

Illustrated notes

Levels and vault maps discovered:
D:1:      dpeg_arrival_ternary, layout_rooms, minmay_tromino_i2
D:2:      layout_basic, kennysheep_nondescript, uniq_robin,
          uniq_crazy_yiuf_cottage
D:3:      layout_basic, first_ration, minmay_cupped, uniq_grinder

Skill      XL: |  1  2  3  4  5 |
---------------+----------------+-----
Fighting       | 3 |  3.2
Crossbows      | 5 |  5.8
Stealth        | 2 |  2.1
Short Blades   | |  0.8
Maces & Flails | |  0.5
Dodging        | |  2.2

Action                   |  1- 3 |  4- 6 || total
-------------------------+-------+-------++-------
Melee: Short sword       |    14 |     9 ||    23
       Constrict         |     3 |    11 ||    14
       Tentacles         |     2 |     6 ||     8
       Mace              |       |    16 ||    16
       Quarterstaff      |       |    20 ||    20
 Fire: Hand crossbow     |    53 |    85 ||   138
  Use: Scroll            |     4 |     2 ||     6
       Potion            |       |     1 ||     1
  Eat: Chunk             |       |     6 ||     6
Armor: Skin              |     1 |    15 ||    16
Dodge: Dodged            |    11 |    23 ||    34
